 Dungeon Crawl Stone Soup version 0.29.1-1-gd02db6906a (webtiles) character file.

Game seed: 6096684932568037058

23 xian the Trooper (level 2, 0/24 HPs)
             Began as a Demonspawn Monk on Sept 22, 2022.
             Succumbed to an adder's poison
             ... on level 2 of the Dungeon.
             The game lasted 00:03:21 (1426 turns).

xian the Trooper (Demonspawn Monk)                  Turns: 1426, Time: 00:03:21

Health: 0/24       AC:  2    Str: 11    XL:     2   Next: 75%
Magic:  2/2        EV: 13    Int: 11    God:
Gold:   60         SH:  0    Dex: 15    Spells: 1/1 levels left

rFire   + . .      SeeInvis .   a - +0 hand axe
rCold   . . .      Faith    .   (no shield)
rNeg    . . .      Spirit   .   b - +0 robe
rPois   .          Reflect  .   (helmet restricted)
rElec   .          Harm     .   (no cloak)
rCorr   .          Rampage  .   (no gloves)
Will    .....                   (no boots)
Stlth   ++........              (no amulet)
HPRegen 0.08/turn               e - ring of protection from fire
MPRegen 0.08/turn               (no ring)

@: lethally poisoned (0 -> -5)
A: antennae 1
a: no special abilities


You were on level 2 of the Dungeon.
You visited 1 branch of the dungeon, and saw 2 of its levels.

You collected 60 gold pieces.

Inventory:

Hand Weapons
 a - a +0 hand axe (weapon)
Armour
 b - a +0 robe (worn)
Jewellery
 e - a ring of protection from fire (left hand)
Scrolls
 d - 3 scrolls of identify
 f - 2 scrolls of teleportation
 g - a scroll of poison
Potions
 h - a potion of flight


   Skills:
 + Level 3.4 Fighting
 + Level 3.1 Axes
 + Level 2.9 Dodging
 + Level 1.8 Stealth


You had one spell level left.
You didn't know any spells.
Your spell library contained the following spells:

 Spells                   Type           Power      Damage    Failure   Level
 Sublimation of Blood     Necr           0%         N/A       47%         2
 Wereblood                Tmut           0%         N/A       47%         2
 Summon Hydra             Summ           0%         N/A       100%        7


Dungeon Overview and Level Annotations

Branches:
Dungeon (2/15)

Altars:


Innate Abilities, Weirdness & Mutations

You have a pair of small antennae on your head.


Message History

The adder closely misses you.
You feel sick. The ball python bites you. The ball python constricts you.
The adder closely misses you. The ball python barely misses you.
The ball python constricts you.
You feel sick. The adder bites you.
* * * LOW HITPOINT WARNING * * *
You are lethally poisoned!
The adder poisons you! The ball python barely misses you.
The ball python constricts you.
You feel less invigorated.
You feel less confused.
You feel sick. The adder closely misses you.
The ball python bites you but does no damage.
The ball python constricts you. The adder closely misses you.
* * * LOW HITPOINT WARNING * * *
You feel sick.
The ball python bites you but does no damage.
The ball python constricts you. The adder bites you but does no damage.
* * * LOW HITPOINT WARNING * * *
You feel sick. The ball python barely misses you.
The ball python constricts you.
* * * LOW HITPOINT WARNING * * *
The adder bites you but does no damage.
* * * LOW HITPOINT WARNING * * *
You feel sick.
The ball python bites you but does no damage.
The ball python constricts you.
* * * LOW HITPOINT WARNING * * *
The adder bites you.
* * * LOW HITPOINT WARNING * * *
The ball python bites you.
* * * LOW HITPOINT WARNING * * *
The ball python constricts you.
Unknown command.
Okay, then.
You hit the adder.
The adder is moderately wounded.
You hit the ball python.
You kill the ball python!
You die...

#).......>...#
#...........##
#..>........####
#..............#
#..............#
##..............# ...
##...##..........# ...
###..##....##......## ...
........#..@Sl......###.#
#........#######.........#
#........# #.......#.#.##
#........# #.....#.......
#........# ######........
........# #....(....
........# #........$
........# #.........
##........


You could see an adder and a frilled lizard.

Vanquished Creatures
  An adder (D:2)
  A dart slug (D:1)
  5 ball pythons
  A hobgoblin (D:1)
  2 kobolds
  3 bats (D:1)
  A rat (D:1)
14 creatures vanquished.

Notes
Turn   | Place    | Note
-------+----------+-------------------------------------------
     0 | D:1      | xian the Demonspawn Monk began the quest for the Orb.
     0 | D:1      | Reached XP level 1. HP: 18/18 MP: 1/1
   346 | D:1      | Gained mutation: You have a pair of small antennae on your
                  | head. [demonic ancestry]
   346 | D:1      | Reached XP level 2. HP: 24/24 MP: 2/2
   710 | D:1      | Found a faded altar of an unknown god.
  1425 | D:2      | HP: 1/24 [ball python (1)]
  1426 | D:2      | Succumbed to an adder's poison

Illustrated notes

Levels and vault maps discovered:
D:1:      lemuel_arrival_rhombus, layout_basic,
          hellmonk_ecumenical_altar_run_dry
D:2:      kennysheep_six_static_rooms, layout_rooms, uniq_terence

Skill      XL: |  1  2 |
---------------+-------+-----
Axes           | 3 |  3.1
Fighting       | |  3.4
Dodging        | |  2.9
Stealth        | |  1.8

Action                   || total
-------------------------++-------
Melee: Hand axe          ||    58
  Use: Scroll            ||     3
       Potion            ||     1
 Stab: Sleeping          ||     2
Armor: Robe              ||    22
Dodge: Dodged            ||    84
